[Event "Thursday 19 April Rapid Engine Tour 12+1 Rounds 9 Starts 1600ST"]
[Site "Infinity Chess"]
[Date "2018.4.19"]
[Round "8"]
[White "Marsell"]
[Black "CrapCleaner"]
[Result "1/2-1/2"]
[ECO "C55"]
[WhiteElo "2480"]
[BlackElo "2455"]
[WhiteEngine "BrainFish_180408_x64_bmi2"]
[BlackEngine "Raubfisch X38b_CTG"]
[EventType "Swiss"]
[WhiteTeam ""]
[BlackTeam ""]
[PlyCount "65"]
[TimeControl "720+1"]

1. e4 e5 2. Nf3 Nc6 3. Bc4 Nf6 4. d3 Bc5 5. c3 d6 6. O-O O-O 7. h3 a6 8. Re1 Ba7 
9. Bb3 h6 10. Nbd2 Re8 11. Nf1 Be6 12. Bc2 d5 13. Qe2 b5 14. Bd2 Qd7 15. Ng3 d4 
16. a4 Bc5 17. Rec1 Qd6 18. Nh4 Ne7 19. Qe1 Bb6 20. Nf3 Nc6 21. Rab1 Bd7 
22. Qe2 Red8 23. Ra1 Rab8 24. Nh4 Ne7 25. a5 Ba7 26. Qf3 dxc3 27. bxc3 c5 
28. Be3 Rbc8 29. Rab1 Kh7 30. Qe2 Kg8 31. Qf3 Kh7 32. Qe2 Kg8 33. Qf3 1/2-1/2

[Event "Thursday 19 April Rapid Engine Tour 12+1 Rounds 9 Starts 1600ST"]
[Site "Infinity Chess"]
[Date "2018.4.19"]
[Round "8"]
[White "SkyPilot"]
[Black "RonWeasley"]
[Result "1/2-1/2"]
[ECO "C02"]
[WhiteElo "2490"]
[BlackElo "2451"]
[WhiteEngine "stockfish_x64_bmi2_2018_04_07_CTG"]
[BlackEngine "BrainFish 090218_CTG"]
[EventType "Swiss"]
[WhiteTeam ""]
[BlackTeam ""]
[PlyCount "254"]
[TimeControl "720+1"]

1. e4 e6 2. d4 d5 3. e5 c5 4. c3 Nc6 5. Nf3 Qb6 6. a3 f6 7. Bd3 fxe5 
8. dxe5 Nge7 9. c4 dxc4 10. Bxc4 Nf5 11. Nc3 Be7 12. O-O O-O 13. Re1 Qd8 
14. Ba2 b6 15. Bd2 Nh4 16. Nxh4 Bxh4 17. Ne4 Qd4 18. Re3 Nxe5 19. Be1 Qxd1 
20. Rxd1 Nc6 21. Bc3 Nd4 22. Bxd4 Rd8 23. Rc3 Kf7 24. g3 Be7 25. Rcd3 Rxd4 
26. Rxd4 cxd4 27. Rxd4 h6 28. Bc4 Rb8 29. Nd6+ Bxd6 30. Rxd6 Ke7 31. Rc6 Bd7 
32. Rc7 Rc8 33. Rxc8 Bxc8 34. Kf1 Kd6 35. Ke2 Ke5 36. Ke3 g5 37. b3 Bb7 
38. b4 Bd5 39. Bd3 Kf6 40. Kd4 Bc6 41. Bc2 e5+ 42. Kc3 Bd5 43. Kd2 Bc4 
44. Be4 Bb3 45. Kc3 Ba2 46. Bc2 Bd5 47. Kd2 Bc4 48. Ke3 Bd5 49. Ba4 Bc4 
50. Ke4 Ke6 51. Bc2 Bd5+ 52. Kd3 Kf6 53. Ke3 Bc4 54. Be4 Bb3 55. Ke2 Ke7 
56. Bd3 Kd6 57. Bg6 Bd5 58. Ke3 a5 59. Bd3 Bf7 60. Bc2 Bd5 61. Bd3 Bb3 
62. Be4 Bf7 63. Kd3 Be6 64. Bf3 Bd5 65. Bg4 Kc6 66. Bh5 axb4 67. axb4 Kb5 
68. Kc3 Kc6 69. Kd3 Kb7 70. Bg4 Kc7 71. Ke3 Kc6 72. Be2 Kd6 73. Bh5 Kc7 
74. Bg6 Kd6 75. Bd3 Bb3 76. Be4 Bf7 77. Bf5 Ba2 78. Be4 Bf7 79. Bb1 Bc4 
80. Ke4 Ke6 81. Bc2 Bd5+ 82. Ke3 Kd6 83. Bg6 Ke7 84. Be4 Kd6 85. Bc2 Kc6 
86. Ba4+ Kd6 87. Bc2 Kd7 88. Be4 Ke6 89. Bc2 Kf6 90. Be4 Be6 91. Bd3 Bc8 
92. Be2 Bf5 93. Bc4 Bd7 94. Bd3 Bg4 95. Bc4 Bd7 96. Ke4 Bf5+ 97. Kf3 Bh7 
98. Ke3 Bg6 99. Bb5 Ke6 100. Bc4+ Kd6 101. Bb3 Bh5 102. Bc2 Be8 103. Bd1 Bf7 
104. Bf3 Be6 105. Kd3 Bf5+ 106. Ke3 Be6 107. Kd3 Bf7 108. Bd1 Bg8 109. Be2 Bd5 
110. Bg4 Ke7 111. Kd2 Kd6 112. Bf5 Kc6 113. Kd3 Kb5 114. Kc3 Kc6 115. Bd3 Be6 
116. f3 Kd6 117. Bc4 Bxc4 118. Kxc4 Kc6 119. g4 b5+ 120. Kd3 Kd5 121. h3 Kd6 
122. Ke4 Ke6 123. Ke3 Kf7 124. Kd3 Kf6 125. Ke3 Kf7 126. Ke4 Ke6 127. Ke3 Kf7 
1/2-1/2

[Event "Thursday 19 April Rapid Engine Tour 12+1 Rounds 9 Starts 1600ST"]
[Site "Infinity Chess"]
[Date "2018.4.19"]
[Round "8"]
[White "star99"]
[Black "MarioDeMonti"]
[Result "1/2-1/2"]
[ECO "A53"]
[WhiteElo "2455"]
[BlackElo "2486"]
[WhiteEngine "Cryptic Heroes 9.4B"]
[BlackEngine "stockfish_x64_bmi2_2018_02_18_CTG"]
[EventType "Swiss"]
[WhiteTeam ""]
[BlackTeam ""]
[PlyCount "211"]
[TimeControl "720+1"]

1. d4 Nf6 2. c4 d6 3. Nf3 g6 4. Nc3 Bg7 5. e4 O-O 6. h3 e5 7. d5 Nbd7 8. Bg5 h6 
9. Be3 a5 10. Bd3 Nc5 11. Bc2 Nh5 12. a3 Nf4 13. O-O Qd7 14. Ne1 Qe7 15. Nf3 Qd7 
16. Nh2 Qe7 17. Re1 Qg5 18. Qf3 Qf6 19. Rad1 Bd7 20. Bxc5 dxc5 21. Ba4 c6 
22. Kh1 Qe7 23. h4 Rab8 24. g3 Nh5 25. Qe2 Nf6 26. Kg2 Rfd8 27. Nf1 h5 
28. Nd2 Bc8 29. Nf3 Bd7 30. Nd2 Bg4 31. f3 Bc8 32. Nf1 Bd7 33. Ne3 Bh6 
34. Bc2 Ne8 35. Qf2 Nd6 36. b3 b5 37. dxc6 Bxc6 38. Ned5 Bxd5 39. Nxd5 Qa7 
40. Bd3 bxc4 41. bxc4 Rb3 42. f4 Bg7 43. f5 Rdb8 44. Qe3 Rxa3 45. Qg5 Rb2+ 
46. Re2 Qb8 47. Bc2 Raa2 48. Rdd2 Rxc2 49. Rxc2 Rxc2 50. Rxc2 Nxe4 51. Qe3 Nd6 
52. f6 Bf8 53. Qxe5 Kh7 54. Ne7 Qb1 55. Re2 Qd1 56. Kf2 Nxc4 57. Qd5 Qxd5 
58. Nxd5 Nd6 59. Kf3 c4 60. Rb2 a4 61. Rb8 Bh6 62. Rb6 Bf8 63. Ra6 Nf5 
64. Ra7 a3 65. Rxf7+ Kg8 66. Ra7 Bc5 67. Ra6 Kf7 68. Nc3 Nd4+ 69. Ke4 Nc2 
70. Kf3 Nd4+ 71. Ke4 Nc2 72. Nb5 Kf8 73. Ke5 Kf7 74. Ra8 Ne3 75. Nc3 Nc2 
76. Nb5 Ne3 77. Rc8 Ng4+ 78. Kf4 c3 79. Nxc3 Bd6+ 80. Kf3 Be5 81. Rc6 Nh6 
82. Kg2 Kf8 83. Rc5 Bd4 84. Rc7 Be5 85. Rc5 Bd4 86. Rc7 Be5 87. Rc8+ Kf7 
88. Rc5 Kxf6 89. Nd5+ Kf5 90. Ra5 Ke4 91. Nb6 Nf5 92. Ra4+ Bd4 93. Na8 Ne3+ 
94. Kh3 Nc2 95. Nc7 Kf3 96. Ne6 Bb2 97. Nf4 Ne3 98. Nxg6 Ng4 99. Nf4 Nf2+ 
100. Kh2 Ng4+ 101. Kg1 Kxg3 102. Nxh5+ Kxh4 103. Ng3 Kxg3 104. Kf1 Ne3+ 
105. Ke2 Nc2 106. Kd1 1/2-1/2

[Event "Thursday 19 April Rapid Engine Tour 12+1 Rounds 9 Starts 1600ST"]
[Site "Infinity Chess"]
[Date "2018.4.19"]
[Round "7"]
[White "IronMan"]
[Black "hafaba"]
[Result "1/2-1/2"]
[ECO "A46"]
[WhiteElo "2449"]
[BlackElo "2451"]
[WhiteEngine "Eman 170b21-IDeA"]
[BlackEngine "Eman 1.70-beta21 64-bit POPCNT_CTG"]
[EventType "Swiss"]
[WhiteTeam ""]
[BlackTeam ""]
[PlyCount "102"]
[TimeControl "720+1"]

1. d4 Nf6 2. Nf3 d5 3. c4 c6 4. e3 e6 5. Bd3 dxc4 6. Bxc4 c5 7. O-O a6 
8. b3 cxd4 9. Nxd4 Be7 10. Bb2 O-O 11. Be2 Bd7 12. Nd2 Nc6 13. N4f3 Rc8 
14. Rc1 b5 15. a3 Qb6 16. Bd3 Rfd8 17. Qe2 Nd5 18. Rfd1 Bf6 19. Bxf6 Nxf6 
20. Ne4 Nxe4 21. Bxe4 b4 22. axb4 Nxb4 23. Rxc8 Bxc8 24. Ne5 Rxd1+ 25. Qxd1 Qc7 
26. h3 a5 27. Qh5 g6 28. Qg5 f5 29. Bf3 Qxe5 30. Qd8+ Kf7 31. Qxc8 Qa1+ 
32. Kh2 Qe5+ 33. g3 Qd6 34. e4 Qd4 35. Qc7+ Kf8 36. Qc8+ Kg7 37. Qc7+ Kf8 
38. Qxa5 Qxf2+ 39. Bg2 Nc2 40. Qd8+ Kg7 41. Qe7+ Kh6 42. b4 fxe4 43. Qh4+ Kg7 
44. Qxe4 Ne3 45. Qd4+ Kg8 46. Qd8+ Kf7 47. Qc7+ Ke8 48. Qc8+ Kf7 49. Qc7+ Ke8 
50. Qc6+ Ke7 51. Qc7+ Ke8 1/2-1/2

[Event "Thursday 19 April Rapid Engine Tour 12+1 Rounds 9 Starts 1600ST"]
[Site "Infinity Chess"]
[Date "2018.4.19"]
[Round "7"]
[White "ludimilojko"]
[Black "ocirema"]
[Result "1/2-1/2"]
[ECO "D02"]
[WhiteElo "2292"]
[BlackElo "2441"]
[WhiteEngine "asmFishW_2018-04-15_base_CTG"]
[BlackEngine "asmFishW_2018-04-15_popcnt_CTG"]
[EventType "Swiss"]
[WhiteTeam ""]
[BlackTeam ""]
[PlyCount "132"]
[TimeControl "720+1"]

1. d4 d5 2. Nf3 e6 3. c4 Nf6 4. Nc3 c6 5. e3 Nbd7 6. Qc2 Bd6 7. Bd3 O-O 
8. O-O dxc4 9. Bxc4 a6 10. Rd1 b5 11. Bd3 Bb7 12. Ng5 h6 13. Nge4 Bc7 14. b3 Qe7 
15. Bb2 Rfc8 16. Nxf6+ Nxf6 17. Ne4 Nxe4 18. Bxe4 Bd6 19. a4 c5 20. d5 exd5 
21. Bxd5 Bxd5 22. Rxd5 Qe6 23. Rad1 Bf8 24. h3 Rab8 25. Be5 Rb6 26. axb5 axb5 
27. Qe2 Rb7 28. Bc3 Qe4 29. Be5 Rb6 30. f3 Qg6 31. e4 c4 32. bxc4 bxc4 
33. Rc1 Rbc6 34. Qd2 Bc5+ 35. Kh2 Bf8 36. Rd7 h5 37. Kg1 Re6 38. Rd5 Be7 
39. Kh1 Bg5 40. f4 Qxe4 41. Re1 c3 42. Qxc3 Rxc3 43. Rxe4 Rc1+ 44. Kh2 Bf6 
45. Kg3 h4+ 46. Kg4 Rc2 47. Kf3 Be7 48. f5 Rb6 49. Bd4 Rb3+ 50. Re3 Rb7 
51. f6 Bxf6 52. Bxf6 gxf6 53. Rd4 f5 54. Re2 Rc1 55. Rxh4 Kg7 56. Rf4 Rf1+ 
57. Kg3 Rxf4 58. Kxf4 Kf6 59. g3 Rb4+ 60. Kf3 Rb3+ 61. Kf4 Rb4+ 62. Kf3 Rb3+ 
63. Kf2 f4 64. gxf4 Rxh3 65. Re5 Rh1 66. Rg5 Rh2+ 1/2-1/2

[Event "Thursday 19 April Rapid Engine Tour 12+1 Rounds 9 Starts 1600ST"]
[Site "Infinity Chess"]
[Date "2018.4.19"]
[Round "7"]
[White "star99"]
[Black "angriff"]
[Result "1-0"]
[ECO "C65"]
[WhiteElo "2441"]
[BlackElo "2382"]
[WhiteEngine "Cryptic Heroes 9.4B"]
[BlackEngine "DracoREX 3.07 64BIT POPCNT_CTG"]
[EventType "Swiss"]
[WhiteTeam ""]
[BlackTeam ""]
[PlyCount "201"]
[TimeControl "720+1"]

1. e4 e5 2. Nf3 Nc6 3. Bb5 Nf6 4. O-O Nxe4 5. Re1 Nd6 6. Nxe5 Be7 7. Bf1 Nxe5 
8. Rxe5 O-O 9. d4 Bf6 10. Re1 Nf5 11. c3 d5 12. Nd2 Nd6 13. Nf3 c6 14. Bf4 Bf5 
15. a4 a5 16. h3 Be4 17. Ne5 Bg5 18. Bh2 Re8 19. Qb3 Re7 20. Qa3 Rc8 21. b4 axb4 
22. Qxb4 h6 23. a5 Nb5 24. Qb2 Bf5 25. g4 Bd7 26. Bg3 Be8 27. Bd3 Bf6 
28. Qb4 Ra8 29. Kg2 Rc7 30. Nf3 Re7 31. h4 Rxe1 32. Rxe1 g6 33. g5 hxg5 
34. hxg5 Bg7 35. Be5 Nc7 36. Bg3 Nb5 37. Be5 Nc7 38. Qd6 Qxd6 39. Bxd6 Ne6 
40. Bxg6 Nxg5 41. Nxg5 fxg6 42. Rb1 Bf6 43. Nf3 Ra7 44. Ne5 Bf7 45. Ng4 Bg7 
46. Kg3 Be6 47. f3 g5 48. Bc7 Bf5 49. Rb2 Be6 50. Ne5 Bf6 51. f4 Kg7 
52. Nf3 gxf4+ 53. Kxf4 Kf7 54. Ne5+ Kg8 55. Ng4 Bg7 56. Kg5 Ra8 57. Rxb7 Bc8 
58. Rb6 c5 59. Ne5 cxd4 60. cxd4 Ra7 61. Rc6 Ra8 62. Bb6 Ba6 63. Ng6 Bd3 
64. Rc7 Bf8 65. Bc5 Bg7 66. Ne7+ Kh8 67. Ra7 Rxa7 68. Bxa7 Kh7 69. Bc5 Bh6+ 
70. Kf6 Bc4 71. Ke5 Bd2 72. Bb6 Be1 73. Nxd5 Bg3+ 74. Ke4 Ba6 75. Nc7 Bb7+ 
76. Kf5 Bc8+ 77. Kf6 Bh4+ 78. Ke5 Be1 79. Kd5 Bg3 80. Kc5 Bh4 81. a6 Kg6 
82. Kc6 Bxa6 83. Nxa6 Be1 84. d5 Bd2 85. d6 Bg5 86. d7 Kf5 87. Nc7 Ke5 
88. Nd5 Ke6 89. Bd4 Bd8 90. Bf6 Ba5 91. Nc7+ Kxf6 92. d8=Q+ Ke5 93. Qg5+ Kd4 
94. Qxa5 Ke4 95. Ne6 Kd3 96. Qe1 Kc2 97. Nd4+ Kd3 98. Qf2 Ke4 99. Kc5 Kd3 
100. Qe2+ Kc3 101. Qc2# 1-0

[Event "Thursday 19 April Rapid Engine Tour 12+1 Rounds 9 Starts 1600ST"]
[Site "Infinity Chess"]
[Date "2018.4.19"]
[Round "7"]
[White "Seliga"]
[Black "HerzsjeMZ"]
[Result "1/2-1/2"]
[ECO "C55"]
[WhiteElo "2480"]
[BlackElo "2412"]
[WhiteEngine "SF9 ''X20''_CTG"]
[BlackEngine "BrainFish_180418_x64_modern"]
[EventType "Swiss"]
[WhiteTeam ""]
[BlackTeam ""]
[PlyCount "129"]
[TimeControl "720+1"]

1. e4 e5 2. Nf3 Nc6 3. Bc4 Nf6 4. d3 Bc5 5. a4 a5 6. c3 O-O 7. Bg5 h6 8. Bh4 g5 
9. Bg3 d6 10. Nbd2 Nh5 11. Nf1 Qf6 12. Ne3 Bxe3 13. fxe3 Nxg3 14. hxg3 Qg6 
15. Qb3 Nb8 16. O-O Kg7 17. Nd2 Nd7 18. Rf2 Nb6 19. d4 h5 20. Bd5 f6 21. c4 Bg4 
22. Bxb7 Rab8 23. c5 dxc5 24. Bc6 cxd4 25. exd4 exd4 26. Qc2 Bd7 27. Bxd7 Nxd7 
28. Qxc7 Qe8 29. e5 Rc8 30. Qa7 Kg6 31. exf6 Rxf6 32. Qxd4 Rxf2 33. Qxf2 Qe5 
34. Nf3 Qc5 35. Nd4 Ne5 36. Kh1 Ng4 37. Qd2 Kh6 38. Rd1 Qd5 39. Rf1 Rd8 
40. Rf5 Qg8 41. Rc5 Qg6 42. Rc1 Rd5 43. Qc3 Qd6 44. Nf3 Kg6 45. Qb3 Nf2+ 
46. Kg1 Ng4 47. Rf1 Kg7 48. Kh1 Nf6 49. Re1 Qxg3 50. Qe3 Kh6 51. b3 h4 
52. Qe6 Qd6 53. Qe2 Rf5 54. Qe6 Qxe6 55. Rxe6 Kh5 56. Re5 Rxe5 57. Nxe5 g4 
58. Nc4 Nd7 59. Nxa5 Nc5 60. Nc6 Nxb3 61. a5 Nc5 62. Nb4 g3 63. a6 Nxa6 
64. Nxa6 Kg4 65. Nb4 1/2-1/2

[Event "Thursday 19 April Rapid Engine Tour 12+1 Rounds 9 Starts 1600ST"]
[Site "Infinity Chess"]
[Date "2018.4.19"]
[Round "7"]
[White "RonWeasley"]
[Black "Marsell"]
[Result "1/2-1/2"]
[ECO "D11"]
[WhiteElo "2450"]
[BlackElo "2481"]
[WhiteEngine "BrainFish 090218_CTG"]
[BlackEngine "BrainFish_180408_x64_bmi2"]
[EventType "Swiss"]
[WhiteTeam ""]
[BlackTeam ""]
[PlyCount "95"]
[TimeControl "720+1"]

1. d4 d5 2. c4 c6 3. Nf3 Nf6 4. e3 e6 5. b3 c5 6. Bb2 cxd4 7. Nxd4 e5 8. Nf3 Nc6 
9. a3 Bd6 10. Nbd2 Be6 11. cxd5 Bxd5 12. Bc4 Qe7 13. O-O Rd8 14. b4 Bxc4 
15. Nxc4 Bb8 16. Qc2 a6 17. Qf5 g6 18. Qc2 O-O 19. Rfd1 Rfe8 20. h3 h6 
21. Ncd2 Qe6 22. Rac1 Rd7 23. Nc4 Nd5 24. e4 Nf6 25. Rxd7 Qxd7 26. Kh2 Nd4 
27. Qd3 Nxf3+ 28. Qxf3 Kg7 29. Na5 Qd2 30. Nc4 Qd7 31. Qe2 b5 32. Na5 Rc8 
33. Rxc8 Qxc8 34. f3 h5 35. Qd3 Qc7 36. a4 bxa4 37. Qxa6 Qc2 38. Nc4 h4 
39. Qb7 a3 40. Bxa3 Qf2 41. Qxb8 Qg3+ 42. Kg1 Qe1+ 43. Kh2 Ng4+ 44. hxg4 Qg3+ 
45. Kg1 Qe1+ 46. Kh2 Qg3+ 47. Kg1 Qe1+ 48. Kh2 1/2-1/2

[Event "Thursday 19 April Rapid Engine Tour 12+1 Rounds 9 Starts 1600ST"]
[Site "Infinity Chess"]
[Date "2018.4.19"]
[Round "7"]
[White "CrapCleaner"]
[Black "SkyPilot"]
[Result "1/2-1/2"]
[ECO "C55"]
[WhiteElo "2454"]
[BlackElo "2491"]
[WhiteEngine "Raubfisch X38b_CTG"]
[BlackEngine "stockfish_x64_bmi2_2018_04_07_CTG"]
[EventType "Swiss"]
[WhiteTeam ""]
[BlackTeam ""]
[PlyCount "90"]
[TimeControl "720+1"]

1. e4 e5 2. Nf3 Nc6 3. Bc4 Nf6 4. d3 Bc5 5. O-O d6 6. c3 O-O 7. Bg5 h6 8. Bh4 a6 
9. a4 g5 10. Bg3 Bg4 11. h3 Bc8 12. d4 Ba7 13. Re1 exd4 14. Nxd4 Bd7 
15. Nxc6 Bxc6 16. Nd2 Nd7 17. b4 Ne5 18. b5 Bd7 19. bxa6 bxa6 20. Bd5 Rb8 
21. Qe2 c6 22. Bc4 Rb2 23. Bxe5 dxe5 24. Ra2 Rxa2 25. Bxa2 Bc8 26. Rd1 Qc7 
27. Nf1 Rd8 28. Ng3 Rxd1+ 29. Qxd1 a5 30. Nh5 Qe7 31. Qf3 Bb6 32. Bb3 Bc5 
33. Ba2 Kf8 34. g4 Ke8 35. Nf6+ Kf8 36. Kf1 Kg7 37. Nh5+ Kf8 38. Kg2 Bb6 
39. Nf6 Kg7 40. Nh5+ Kg8 41. Kg3 Kf8 42. Nf6 Kg7 43. Nh5+ Kf8 44. Nf6 Kg7 
45. Nh5+ Kf8 1/2-1/2

[Event "Thursday 19 April Rapid Engine Tour 12+1 Rounds 9 Starts 1600ST"]
[Site "Infinity Chess"]
[Date "2018.4.19"]
[Round "7"]
[White "MarioDeMonti"]
[Black "Thinker"]
[Result "1-0"]
[ECO "C50"]
[WhiteElo "2470"]
[BlackElo "2461"]
[WhiteEngine "stockfish_x64_bmi2_2018_02_18_CTG"]
[BlackEngine "BrainFish_180411_x64_modern_CTG"]
[EventType "Swiss"]
[WhiteTeam ""]
[BlackTeam ""]
[PlyCount "171"]
[TimeControl "720+1"]

1. e4 e5 2. Nf3 Nc6 3. Bc4 Bc5 4. O-O Nf6 5. d3 d6 6. c3 O-O 7. Bg5 h6 8. Bh4 a5 
9. Nbd2 g5 10. Nxg5 hxg5 11. Bxg5 Kg7 12. Qf3 Rh8 13. Rae1 Be6 14. Re3 a4 
15. h4 Qe7 16. Qg3 Kh7 17. d4 Bxc4 18. Qf3 Kg7 19. Qf5 Rh6 20. Nxc4 exd4 
21. Rg3 Rg6 22. h5 Rh8 23. hxg6 fxg6 24. Bxf6+ Qxf6 25. Nd2 Rf8 26. Qd7+ Qf7 
27. Qxf7+ Rxf7 28. Rf3 Re7 29. Rd1 Re8 30. Kf1 Ne5 31. Rg3 Bb6 32. Nf3 Nxf3 
33. gxf3 a3 34. b4 dxc3 35. Ke2 Rf8 36. Rd3 c2 37. Rc3 Ra8 38. Rg1 Ra4 
39. Rb3 Bd4 40. Rc1 Be5 41. Rxc2 c6 42. Kd3 Ra8 43. b5 c5 44. f4 Bxf4 
45. Rcc3 Ra4 46. Rxa3 Rb4 47. Ra7 Rxb5 48. Rb3 Rxb3+ 49. axb3 Kh6 50. Rxb7 Kg5 
51. Rg7 Kf6 52. Rg8 Kf7 53. Ra8 Kf6 54. Kc4 Ke6 55. Re8+ Kf7 56. Rh8 Ke6 
57. Re8+ Kf7 58. Ra8 Ke6 59. Ra1 Bd2 60. Rg1 g5 61. Rd1 Bf4 62. f3 Bg3 
63. Kb5 Kd7 64. Rg1 Bf4 65. Rh1 Bg3 66. Rh7+ Ke6 67. Kc6 Be5 68. Rh6+ Ke7 
69. Kd5 Bf4 70. Re6+ Kd7 71. Rf6 Bh2 72. Rf5 Bg3 73. e5 c4 74. Rxg5 Bf2 
75. exd6 c3 76. Rg7+ Kc8 77. Kc6 Kb8 78. Rg4 c2 79. Rc4 Kc8 80. Rxc2 Kd8 
81. Re2 Bg3 82. Re4 Bh2 83. f4 Bxf4 84. Rxf4 Ke8 85. b4 Kd8 86. Rf8# 1-0

[Event "Thursday 19 April Rapid Engine Tour 12+1 Rounds 9 Starts 1600ST"]
[Site "Infinity Chess"]
[Date "2018.4.19"]
[Round "6"]
[White "ludimilojko"]
[Black "IronMan"]
[Result "0-1"]
[ECO "E10"]
[WhiteElo "2303"]
[BlackElo "2438"]
[WhiteEngine "asmFishW_2018-04-15_base_CTG"]
[BlackEngine "Eman 170b21-IDeA"]
[EventType "Swiss"]
[WhiteTeam ""]
[BlackTeam ""]
[PlyCount "98"]
[TimeControl "720+1"]

1. d4 Nf6 2. c4 e6 3. Nf3 d5 4. Nc3 c6 5. e3 Nbd7 6. Qc2 Bd6 7. Bd3 dxc4 
8. Bxc4 O-O 9. O-O b5 10. Be2 a6 11. Rd1 Qc7 12. Ne4 Nxe4 13. Qxe4 Bb7 
14. Bd3 g6 15. Qh4 c5 16. Ng5 h5 17. Ne4 Bxe4 18. Bxe4 Rac8 19. Bd2 c4 20. f4 b4 
21. Rdc1 Nb6 22. Bf3 Qd7 23. Be1 Be7 24. Qg3 h4 25. Qf2 Rc7 26. a3 a5 
27. axb4 axb4 28. g3 hxg3 29. hxg3 Kg7 30. Rcb1 Rb8 31. Qe2 b3 32. Kg2 Na4 
33. Ba5 Rcc8 34. Rc1 Qb5 35. Be1 Bb4 36. f5 exf5 37. Bf2 Nxb2 38. Qxb2 Ba5 
39. Bd1 Qd5+ 40. Bf3 c3 41. Qxc3 Rxc3 42. Bxd5 b2 43. Rcb1 bxa1=Q 44. Rxa1 Rb5 
45. e4 fxe4 46. Bxe4 f5 47. Bf3 Rb2 48. Rxa5 Rcc2 49. Kg1 Rxf2 0-1

[Event "Thursday 19 April Rapid Engine Tour 12+1 Rounds 9 Starts 1600ST"]
[Site "Infinity Chess"]
[Date "2018.4.19"]
[Round "6"]
[White "HerzsjeMZ"]
[Black "angriff"]
[Result "1/2-1/2"]
[ECO "C50"]
[WhiteElo "2413"]
[BlackElo "2381"]
[WhiteEngine "BrainFish_180418_x64_modern"]
[BlackEngine "DracoREX 3.07 64BIT POPCNT_CTG"]
[EventType "Swiss"]
[WhiteTeam ""]
[BlackTeam ""]
[PlyCount "156"]
[TimeControl "720+1"]

1. e4 e5 2. Nf3 Nc6 3. Bc4 Bc5 4. O-O Nf6 5. d3 d6 6. c3 O-O 7. Nbd2 a5 
8. Re1 h6 9. Nf1 a4 10. h3 Bd7 11. Bb5 Ne7 12. Bxd7 Qxd7 13. Ng3 Bb6 14. d4 Rfe8 
15. Be3 Qb5 16. Rb1 Ng6 17. Qc1 Qd7 18. Qc2 Qc6 19. d5 Qb5 20. b4 Bxe3 
21. Rxe3 Qd7 22. c4 c6 23. dxc6 Qxc6 24. Rc3 Rac8 25. Nd2 Nf4 26. b5 Qd7 
27. Rc1 h5 28. Nf3 Qe7 29. Nf5 Qf8 30. g3 Ne6 31. Rd1 Red8 32. Ne3 Qe7 33. h4 g6 
34. Kg2 Kg7 35. Ng1 Nd4 36. Qd3 Rf8 37. f3 Nd7 38. Ne2 Nxe2 39. Qxe2 Nc5 
40. Rc2 Ne6 41. Rcd2 Nd4 42. Nd5 Qe6 43. Rxd4 exd4 44. Rxd4 Kh7 45. Qd3 Qe5 
46. f4 Qh8 47. Kf3 Rcd8 48. Ke3 Qg7 49. Nc3 f5 50. Kf2 Qf6 51. Kg2 a3 
52. Nd5 Qe6 53. Qxa3 fxe4 54. Qe3 Ra8 55. a3 Qf7 56. Nb6 Rae8 57. a4 Re6 
58. Rd2 Qc7 59. a5 Ree8 60. Rb2 Rf5 61. Re2 Kh6 62. Qd4 Qd8 63. Re3 Rff8 
64. Qc3 Qc7 65. Qd4 Rf5 66. Rc3 e3 67. Rxe3 Rxe3 68. Qxe3 d5 69. g4 hxg4 
70. cxd5 Qd8 71. Kg3 Kh5 72. a6 bxa6 73. bxa6 Rf7 74. Qe5+ Rf5 75. Qc3 Rf8 
76. Qe5+ Rf5 77. Qe3 Rf7 78. Qe5+ Rf5 1/2-1/2

[Event "Thursday 19 April Rapid Engine Tour 12+1 Rounds 9 Starts 1600ST"]
[Site "Infinity Chess"]
[Date "2018.4.19"]
[Round "6"]
[White "hafaba"]
[Black "RonWeasley"]
[Result "1/2-1/2"]
[ECO "C11"]
[WhiteElo "2451"]
[BlackElo "2450"]
[WhiteEngine "Eman 1.70-beta21 64-bit POPCNT_CTG"]
[BlackEngine "BrainFish 090218_CTG"]
[EventType "Swiss"]
[WhiteTeam ""]
[BlackTeam ""]
[PlyCount "103"]
[TimeControl "720+1"]

1. e4 e6 2. d4 d5 3. Nc3 Nf6 4. e5 Nfd7 5. f4 c5 6. Nf3 Nc6 7. Be3 cxd4 
8. Nxd4 Qb6 9. Qd2 Qxb2 10. Rb1 Qa3 11. Bb5 Nxd4 12. Bxd4 a6 13. Bxd7+ Bxd7 
14. Rb3 Qe7 15. Rxb7 Rc8 16. O-O Qd8 17. Qe3 Rc4 18. Rfb1 Be7 19. f5 Bg5 
20. Qd3 O-O 21. Ne4 Bc8 22. Bb6 Be3+ 23. Qxe3 Qh4 24. Nf6+ gxf6 25. Rc7 exf5 
26. Rxc4 dxc4 27. exf6 Kh8 28. Bc7 Rg8 29. Bg3 Qg4 30. Qf4 c3 31. a3 Bd7 
32. Kf2 Qg6 33. Rb6 Be6 34. Rxa6 Bd5 35. a4 Be4 36. Ra7 h6 37. Rc7 Rd8 
38. Rxc3 Kh7 39. Qe3 h5 40. h4 Qxf6 41. a5 Rg8 42. Rc7 Rg7 43. Rd7 Qc6 
44. Rc7 Qa4 45. Qc5 Qa1 46. Re7 Qd1 47. Rxe4 fxe4 48. Qf5+ Kh8 49. Qc8+ Kh7 
50. Qf5+ Kg8 51. Qc8+ Kh7 52. Qf5+ 1/2-1/2

[Event "Thursday 19 April Rapid Engine Tour 12+1 Rounds 9 Starts 1600ST"]
[Site "Infinity Chess"]
[Date "2018.4.19"]
[Round "6"]
[White "ocirema"]
[Black "CrapCleaner"]
[Result "1/2-1/2 "]
[ECO "C77"]
[WhiteElo "2440"]
[BlackElo "2455"]
[WhiteEngine "asmFishW_2018-04-15_popcnt_CTG"]
[BlackEngine "Raubfisch X38b_CTG"]
[EventType "Swiss"]
[WhiteTeam ""]
[BlackTeam ""]
[PlyCount "200"]
[TimeControl "720+1"]

1. e4 e5 2. Nf3 Nc6 3. Bb5 a6 4. Ba4 Nf6 5. O-O Be7 6. Re1 b5 7. Bb3 O-O 
8. h3 Bb7 9. d3 d6 10. a3 Qd7 11. Nc3 Nd4 12. Nxd4 exd4 13. Ne2 c5 14. Bd2 a5 
15. Nf4 Bc6 16. c3 dxc3 17. bxc3 Rfe8 18. Bc2 Bf8 19. f3 Qc7 20. d4 g6 
21. Bd3 d5 22. e5 Nd7 23. Qb1 Bg7 24. Kh1 Rab8 25. Ne2 Nb6 26. Bf4 Rb7 
27. Qc1 cxd4 28. cxd4 Nc4 29. Bh6 Qe7 30. Bxg7 Kxg7 31. Nf4 Rc7 32. Ra2 Kg8 
33. g3 f6 34. Bxc4 bxc4 35. Qc3 Rb7 36. Rae2 Qf8 37. exf6 Rxe2 38. Rxe2 g5 
39. Nh5 Be8 40. Qxa5 Bxh5 41. Qxd5+ Rf7 42. Re6 c3 43. Kh2 c2 44. Qxg5+ Bg6 
45. Rc6 Rxf6 46. Rxf6 Qxf6 47. Qxf6 c1=Q 48. Qd8+ Kg7 49. h4 Qc2+ 50. Kh3 Qc3 
51. Qd5 Bf7 52. Qg5+ Kh8 53. Qf4 Kg8 54. a4 h6 55. Qg4+ Kh7 56. h5 Qa5 
57. Qe4+ Kg8 58. Qg4+ Kh7 59. Qe4+ Kg8 60. Qe5 Qxa4 61. Qb8+ Kh7 62. Qe5 Qd7+ 
63. g4 Kg8 64. Kg2 Qc6 65. Kg3 Qc3 66. Qf4 Qe1+ 67. Kg2 Qe2+ 68. Kh3 Ba2 
69. Qf6 Bf7 70. Qf4 Ba2 71. Qxh6 Qxf3+ 72. Kh4 Bf7 73. Qg5+ Kh7 74. Qe5 Kg8 
75. d5 Bxd5 76. Kg5 Kf7 77. h6 Be6 78. Qg7+ Ke8 79. Qh8+ Ke7 80. Qd4 Qf7 
81. Qe4 Qf6+ 82. Kh5 Qf7+ 83. Kh4 Kf8 84. Qa8+ Ke7 85. Qa7+ Bd7 86. Qa3+ Kd8 
87. Qc5 Ke8 88. Qe5+ Kd8 89. Qg5+ Kc7 90. Qa5+ Kc8 91. g5 Qf4+ 92. Kh5 Be8+ 
93. g6 Qf3+ 94. Kh4 Qf4+ 95. Kh3 Qxh6+ 96. Kg2 Qxg6+ 97. Kf2 Qf6+ 98. Ke2 Qe7+ 
99. Kd2 Qd7+ 100. Ke1 Qe7+ 1/2-1/2

[Event "Thursday 19 April Rapid Engine Tour 12+1 Rounds 9 Starts 1600ST"]
[Site "Infinity Chess"]
[Date "2018.4.19"]
[Round "6"]
[White "Thinker"]
[Black "Seliga"]
[Result "1/2-1/2"]
[ECO "C50"]
[WhiteElo "2460"]
[BlackElo "2481"]
[WhiteEngine "BrainFish_180411_x64_modern_CTG"]
[BlackEngine "SF9 ''X20''_CTG"]
[EventType "Swiss"]
[WhiteTeam ""]
[BlackTeam ""]
[PlyCount "95"]
[TimeControl "720+1"]

1. e4 e5 2. Nf3 Nc6 3. Bc4 Bc5 4. O-O Nf6 5. d3 a5 6. c3 d6 7. Re1 Ba7 
8. Nbd2 O-O 9. Nf1 Be6 10. Bxe6 fxe6 11. Ng3 a4 12. Be3 Bxe3 13. Rxe3 Ne7 
14. d4 Ng6 15. h3 Nd7 16. Qe2 Ra6 17. Qc4 d5 18. Qe2 exd4 19. cxd4 Nb6 
20. Nh5 Nc4 21. Rc3 Nd6 22. exd5 exd5 23. Re1 Ne4 24. Re3 Rc6 25. a3 h6 
26. Qd1 Nh4 27. Ng3 Nxf3+ 28. Rxf3 Rxf3 29. Qxf3 Nxg3 30. fxg3 Rf6 31. Qh5 Qd6 
32. Qg4 c6 33. Kh2 Rf8 34. Re3 Qc7 35. Qe2 b5 36. Re6 Qd7 37. Re7 Qd6 
38. Re6 Qd7 39. Re7 Qd6 40. Qe3 Qg6 41. Qe2 Qf6 42. Re6 Qxd4 43. Rxc6 Qe4 
44. Qd2 Rd8 45. Qa5 Rf8 46. Qd2 Rd8 47. Qa5 Rf8 48. Qd2 1/2-1/2